 Dungeon Crawl Stone Soup version 0.27.1-4-g1640c2035a (webtiles) character file.

Game seed: 14942857504137501103

23 Stomo444 the Cudgeller (level 3, -2/30 HPs)
             Began as a Vine Stalker Monk on Nov 9, 2021.
             Slain by an adder (3 damage)
             ... on level 2 of the Dungeon.
             The game lasted 00:01:09 (1357 turns).

Stomo444 the Cudgeller (Vine Stalker Monk)          Turns: 1357, Time: 00:01:09

Health: -2/30      AC:  2    Str: 14    XL:     3   Next: 0%
Magic:  0/4        EV: 13    Int: 10    God:
Gold:   12         SH:  0    Dex: 16    Spells: 2/2 levels left

rFire    . . .     SeeInvis .   j - +0 whip
rCold    . . .     Faith    .   (no shield)
rNeg     . . .     Spirit   +   b - +0 robe
rPois    .         Reflect  .   (no helmet)
rElec    .         Harm     .   (no cloak)
rCorr    .         Rampage  .   (no gloves)
Will     .....                  (no boots)
Stlth    ..........             (no amulet)
HPRegen  0.10/turn              (no ring)
MPRegen  0.09/turn              (no ring)

@: berserking, lethally poisoned (-2 -> -8), very quick
A: fangs 2, magic shield, antimagic bite, no potion heal 2
a: no special abilities


You were on level 2 of the Dungeon.
You visited 1 branch of the dungeon, and saw 2 of its levels.

You collected 12 gold pieces.

Inventory:

Hand Weapons
 a - a +0 mace
 j - a +0 whip (weapon)
Armour
 b - a +0 robe (worn)
Jewellery
 g - an amulet of reflection
Scrolls
 c - a scroll of holy word {unknown}
 e - 2 scrolls of teleportation {unknown}
 h - a scroll of identify {unknown}
 i - a scroll of enchant weapon {unknown}
Potions
 f - a potion of haste {unknown}


   Skills:
 * Level 3.1 Fighting
 * Level 3.1 Maces & Flails
 + Level 2.6 Dodging
 - Level 2.4 Stealth
 + Level 0.0 Spellcasting


You had 2 spell levels left.
You didn't know any spells.
Your spell library contained the following spells:

 Spells                   Type           Power      Damage    Failure   Level
 Gell's Gravitas          Tloc           0%         N/A       75%         3
 Lesser Beckoning         Tloc           0%         N/A       75%         3
 Teleport Other           Tloc           0%         N/A       75%         3


Dungeon Overview and Level Annotations

Branches:
Dungeon (2/15)

Altars:


Innate Abilities, Weirdness & Mutations

You have extremely sharp teeth.
When hurt, damage is shared between your health and your magic reserves.
Your bite disrupts and absorbs the magic of your enemies.
Potions cannot restore your health.


Message History

You kill the frilled lizard!
The kobold hits you with a +0 dagger.
You see here a frilled lizard corpse.
You hit the adder but do no damage. You bite the adder. You drain its power.
You feel invigorated.
The adder is lightly wounded.
The kobold hits you with a +2 whip of venom.
You are poisoned.
The kobold closely misses you. The adder barely misses you.
You feel sick. The kobold closely misses you.
You feel sick. The adder bites you.
You feel sick.
There is an open door here.
* * * LOW HITPOINT WARNING * * *
You feel sick.
* * * LOW HITPOINT WARNING * * *
You feel sick.
It was a potion of berserk rage.
A red film seems to cover your vision as you go berserk!
You feel yourself moving faster!
You feel mighty!
You feel sick.
The kobold hits you with a +2 whip of venom.
* * * LOW HITPOINT WARNING * * *
You are lethally poisoned!
You barely miss the kobold. Your bite misses the kobold.
* * * LOW HITPOINT WARNING * * *
You feel sick. The kobold closely misses you.
You are too berserk!
You whack the kobold!
You kill the kobold!
* * * LOW HITPOINT WARNING * * *
You feel sick.
You have reached level 3!
Your experience leads to an increase in your attributes!
Increase (S)trength, (I)ntelligence, or (D)exterity?
You feel stronger.
You hit the adder.
The adder is heavily wounded.
* * * LOW HITPOINT WARNING * * *
You feel sick. The adder bites you.
You die...

#.+.....$..
#.#........
#.#........
#.#†..)....
#.#........
#.#........
#K'........
#S#........
#######@######.(#
.......<........#
##############.##


You could see an adder and a kobold.

Vanquished Creatures
  An endoplasm (D:1)
  A giant cockroach (D:1)
  3 goblins (D:1)
  3 hobgoblins (D:1)
  A quokka (D:1)
  2 ball pythons (D:1)
  2 bats (D:1)
  2 frilled lizards
  5 kobolds
  A rat (D:1)
21 creatures vanquished.

Vanquished Creatures (others)
  A plant (D:1)
1 creature vanquished.

Grand Total: 22 creatures vanquished

Notes
Turn   | Place    | Note
-------+----------+-------------------------------------------
     0 | D:1      | Stomo444 the Vine Stalker Monk began the quest for the Orb.
     0 | D:1      | Reached XP level 1. HP: 11/11 MP: 2/2
   356 | D:1      | Reached XP level 2. HP: 16/16 MP: 3/3
   778 | D:1      | Found a faded altar of an unknown god.
  1356 | D:2      | HP: 1/24 [poisoned by a kobold]
  1357 | D:2      | Reached XP level 3. HP: 1/20 MP: 2/4
  1357 | D:2      | Slain by an adder

Illustrated notes

Levels and vault maps discovered:
D:1:      mrwooster_arrival_statue, layout_basic,
          dreamdust_ecumenical_altar_grove, serial_rivers,
          chequers_serial_rivers_room_a, chequers_serial_rivers_marsh,
          chequers_serial_rivers_marsh, chequers_serial_rivers_small_3,
          chequers_serial_rivers_room_a
D:2:      layout_basic, grunt_decor_fettered

Skill      XL: |  1  2 |
---------------+-------+-----
Fighting       | 3 |  3.1
Maces & Flails | 3 |  3.1
Dodging        | |  2.6
Stealth        | |  2.4

Action                   || total
-------------------------++-------
Melee: Mace              ||    35
       Bite              ||     9
       Whip              ||    20
  Use: Potion            ||     1
 Stab: Sleeping          ||     2
Armor: Robe              ||    13
Dodge: Dodged            ||    49
